 Dungeon Crawl Stone Soup version 0.21.1-1-g345015f (webtiles) character file.

80 Fang the Skirmisher (level 4, 0/43 HPs)
             Began as a Gargoyle Berserker on June 7, 2018.
             Was a Believer of Trog.
             Slain by a gnoll
             ... wielding a +0 spear
              (1 damage)
             ... on level 2 of the Dungeon.
             The game lasted 00:01:00 (867 turns).

Fang the Skirmisher (Gargoyle Berserker)             Turns: 867, Time: 00:01:00

Health: 0/43       AC:  5    Str: 27    XL:     4   Next: 39%
Magic:  4/4        EV: 12    Int:  7    God:    Trog [**....]
Gold:   41         SH:  0    Dex:  9    Spells: 3/3 levels left

rFire    . . .     SeeInvis .   a - +0 hand axe
rCold    . . .     Gourm    .   (no shield)
rNeg     + . .     Faith    .   b - +0 animal skin
rPois    ∞         Spirit   .   (no helmet)
rElec    +         Reflect  .   (no cloak)
rCorr    .         Harm     .   (no gloves)
MR       .....                  (no boots)
Stlth    ..........             (no amulet)
HPRegen  0.14/turn              (no ring)
MPRegen  0.09/turn              (no ring)

@: berserking (expiring), very quick
A: negative energy resistance 1, electricity resistance, unbreathing,
petrification resistance, rot immunity, AC +3
a: Berserk, Trog's Hand, Burn Spellbooks, Renounce Religion


You were on level 2 of the Dungeon.
You worshipped Trog.
Trog was pleased with you.
You were very hungry.

You visited 1 branch of the dungeon, and saw 2 of its levels.

You collected 41 gold pieces.

Inventory:

Hand Weapons
 a - a +0 hand axe (weapon)
Armour
 b - a +0 animal skin (worn)
Scrolls
 e - a scroll of enchant weapon {unknown}
 f - a scroll of identify {unknown}
 g - a scroll of fear {unknown}
 h - a scroll of magic mapping {unknown}
Potions
 d - a potion of brilliance {unknown}
Comestibles
 c - 3 rations


   Skills:
 + Level 4.0 Fighting
 + Level 3.6 Axes
 + Level 2.3 Armour
 + Level 2.1 Dodging
 + Level 0.9 Stealth


You had 3 spell levels left.
You didn't know any spells.

Dungeon Overview and Level Annotations

Branches:
Dungeon (2/15)

Altars:


Innate Abilities, Weirdness & Mutations

You are resistant to torment.
Your stone body is resilient. (AC +3)
You are immune to poison.
You resist negative energy. (rN+)
You are resistant to electric shocks. (rElec)
You can survive without breathing.
You are immune to petrification.
You are immune to rotting.


Message History

The gnoll closely misses you. The frilled lizard barely misses you.
The jackal bites you.
* * * LOW HITPOINT WARNING * * *
You barely miss the jackal. You slash the jackal!
You kill the jackal!
Trog accepts your kill.
You slash the frilled lizard!
You kill the frilled lizard!
Trog accepts your kill. The gnoll barely misses you.
You closely miss the jackal. The jackal closely misses you.
The jackal barely misses you.
The gnoll hits you from afar with a spear.
* * * LOW HITPOINT WARNING * * *
Unknown command.
You closely miss the jackal. The jackal closely misses you.
Unknown command.
You closely miss the jackal.
The gnoll hits you from afar with a spear.
You die...

#. ## .. #
#.# ###. #.
#.# #.. ##<
#.# #.# ...
#.#####.# #.#
##......####
#..##
##.#####....#
#.#@###.####
#.##(##
#..h)#.....#
#...<..
#g..#.####.#
##...†.
#.#.#.# #
#.#)##
.....#.#
#.#.##
.......#.#
#.#.##
.........#
#.#.##
.........#
#.#.##
.....h..#
..#.##


You could see a gnoll and a jackal.

Vanquished Creatures
  An adder (D:2)
  3 gnolls (D:2)
  A dart slug (D:1)
  A leopard gecko (D:1)
  4 bats
  3 giant cockroaches
  3 goblins
  2 hobgoblins (D:1)
  7 jackals
  6 kobolds
  3 frilled lizards
  3 rats
37 creatures vanquished.

Notes
Turn   | Place    | Note
-------+----------+-------------------------------------------
     0 | D:1      | Fang the Gargoyle Berserker began the quest for the Orb.
     0 | D:1      | Reached XP level 1. HP: 14/14 MP: 1/1
    85 | D:1      | Reached XP level 2. HP: 15/19 MP: 2/2
   674 | D:1      | Reached XP level 3. HP: 24/24 MP: 3/3
   858 | D:2      | Reached ** piety under Trog
   860 | D:2      | Reached XP level 4. HP: 8/29 MP: 4/4
   863 | D:2      | Reached skill level 4 in Fighting
   863 | D:2      | HP: 2/43 [jackal (1)]
   867 | D:2      | Slain by a gnoll

Skill      XL: |  1  2  3  4 |
---------------+-------------+-----
Axes           | 3 |  3.6
Dodging        | 2 |  2.1
Fighting       | 4 |  4.0
Armour         | |  2.3
Stealth        | |  0.9

Action                   |  1- 3 |  4- 6 || total
-------------------------+-------+-------++-------
Melee: Hand axe          |    96 |     7 ||   103
Invok: Berserk           |     1 |       ||     1
 Stab: Sleeping          |     2 |       ||     2
Armor: Animal skin       |    38 |     1 ||    39
Dodge: Dodged            |    93 |    10 ||   103
